 Dungeon Crawl Stone Soup version 0.18.1-48-g4cf74bf (console) character file.

141 Kloppie the Cudgeler (level 5, -1/46 HPs)
             Began as a Minotaur Gladiator on July 1, 2016.
             Killed by nerve-wracking pain
             ... invoked by Grinder
              (11 damage)
             ... on level 3 of the Dungeon.
             The game lasted 00:03:13 (2283 turns).

Kloppie the Cudgeler (Minotaur Gladiator)           Turns: 2283, Time: 00:03:13

Health: -1/46      AC: 11    Str: 19    XL:     5   Next: 3%
Magic:  4/4        EV:  8    Int:  5    God:
Gold:   126        SH:  0    Dex: 12    Spells: 0 memorised, 4 levels left

rFire  + . .     SeeInvis .     t - +0 mace (venom)
rCold  . . .     Gourm    .     A - +0 chain mail
rNeg   . . .     Faith    .     (no shield)
rPois  .         Spirit   .     c - +0 hat
rElec  .         Dismiss  .     b - +0 cloak
rCorr  .         Reflect  .     (no gloves)
SustAt .         Harm     .     v - +0 pair of boots
MR     .....                    (no amulet)
Stlth  ..........               p - ring of protection from fire
                                m - ring of flight

@: not resistant to hostile enchantments, extremely unstealthy
A: retaliatory headbutt, horns 2
a: Evoke Flight


You were on level 3 of the Dungeon.
You were not hungry.

You visited 1 branch of the dungeon, and saw 3 of its levels.

You collected 126 gold pieces.

Inventory:

Hand Weapons
 a - a +0 flail
 t - a +0 mace of venom (weapon)
Armour
 b - a +0 cloak (worn)
 c - a +0 hat (worn)
 v - a +0 pair of boots (worn)
 A - a +0 chain mail (worn)
Jewellery
 m - a ring of flight (left hand)
 p - a ring of protection from fire (right hand)
Scrolls
 e - 6 scrolls of remove curse {unknown}
 h - 3 scrolls of teleportation {unknown}
 i - 3 scrolls of identify {unknown}
 l - a scroll of enchant weapon {unknown}
 o - 2 scrolls of recharging {unknown}
 q - a scroll of magic mapping {unknown}
 r - a scroll of immolation {unknown}
 u - a scroll of noise {unknown}
 y - a scroll of fear {unknown}
 z - a scroll of blinking {unknown}
Potions
 j - 2 potions of cancellation {unknown}
 k - a potion of curing {unknown}
 s - a potion of flight {unknown}
 x - a potion of lignification {unknown}
Comestibles
 f - 2 bread rations
 g - a beef jerky
 n - 6 chunks of flesh
 w - a meat ration


   Skills:
 + Level 4.1 Fighting
 + Level 5.0 Maces & Flails
 - Level 2.0 Throwing
 + Level 2.9 Armour
 - Level 3.2 Dodging


You had 4 spell levels left.
You didn't know any spells.

Dungeon Overview and Level Annotations

Branches:
Dungeon (3/15)

Altars:

Annotations:
D:3 Grinder


Innate Abilities, Weirdness & Mutations

You reflexively headbutt those who attack you in melee.
You have a pair of horns on your head.


Message History

Grinder is moderately wounded.
Grinder blinks!
Your chain mail prevents you from hitting Grinder.
Your headbutt misses Grinder.
Grinder is moderately wounded.
Grinder barely misses you.
You hit Grinder but do no damage.
Grinder is moderately wounded.
Grinder hits you.
* * * LOW HITPOINT WARNING * * *
You writhe in agony.
* * * LOW HITPOINT WARNING * * *
You sock Grinder! You headbutt Grinder!
Grinder is severely wounded.
Grinder closely misses you.
You closely miss Grinder.
Grinder is severely wounded.
Grinder gestures at you. Pain shoots through your body!
You die...

######### #.......# #...#
#.......# .#.##
###.......# .....
.........# #..##
#.......######.##..#.
#....5.........##..#.
#.##...@....########..#.
#(.................#.รท#.
####.#######.#####.#..#.
# ........# #.#..#.
######### #...... #######


You could see Grinder.

Vanquished Creatures
  4 gnolls (D:2)
  4 adders (D:3)
  An ooze (D:2)
  2 worms (D:2)
  A dart slug (D:3)
  A giant gecko (D:3)
  An orc (D:2)
  10 bats
  3 giant cockroaches (D:2)
  5 goblins
  8 hobgoblins
  A jackal (D:3)
  2 quokkas (D:3)
  2 giant newts
  7 kobolds
  5 rats
57 creatures vanquished.

Notes
Turn   | Place    | Note
--------------------------------------------------------------
     0 | D:1      | Kloppie the Minotaur Gladiator began the quest for the Orb.
     0 | D:1      | Reached XP level 1. HP: 18/18 MP: 0/0
   136 | D:1      | Reached skill level 1 in Armour
   138 | D:1      | Reached XP level 2. HP: 11/25 MP: 1/1
   349 | D:1      | Reached skill level 4 in Maces & Flails
  1070 | D:2      | Reached XP level 3. HP: 25/31 MP: 2/2
  1509 | D:2      | Reached XP level 4. HP: 5/38 MP: 3/3
  2075 | D:3      | Reached skill level 5 in Maces & Flails
  2235 | D:3      | Reached XP level 5. HP: 43/46 MP: 4/4
  2261 | D:3      | Noticed Grinder
  2263 | D:3      | Paralysed by Grinder for 5 turns
  2271 | D:3      | Paralysed by Grinder for 4 turns
  2283 | D:3      | Killed from afar by Grinder

Skill      XL: |  1  2  3  4 |
---------------+-------------+-----
Armour         | 1 2 |  2.9
Maces & Flails | 4 5 |  5.0
Fighting       | 3 4 |  4.1
Throwing       | |  2.0
Dodging        | |  3.2

Action                   |  1- 3 |  4- 6 || total
-------------------------+-------+-------++-------
Melee: Flail             |    77 |     2 ||    79
       Headbutt          |     8 |     7 ||    15
       Mace              |       |    59 ||    59
Throw: Throwing net      |     1 |     3 ||     4
  Eat: Chunk             |     2 |     2 ||     4
Armor: Leather armour    |    11 |       ||    11
       Ring mail         |    13 |    16 ||    29
       Chain mail        |       |    11 ||    11
Dodge: Dodged            |    50 |    38 ||    88
